 Dungeon Crawl Stone Soup version 0.21.1-1-g345015f (webtiles) character file.

2850 iamserjio the Nimble (level 9, -8/56 HPs)
             Began as an Octopode Monk on Apr 5, 2018.
             Was a Priest of Dithmenos.
             Killed from afar by an electric eel (9 damage)
             ... with a bolt of electricity
             ... on level 7 of the Dungeon.
             The game lasted 00:42:12 (7193 turns).

iamserjio the Nimble (Octopode Monk)                Turns: 7193, Time: 00:42:12

Health: -8/56      AC:  1    Str: 11    XL:     9   Next: 74%
Magic:  10/10      EV: 20    Int: 12    God:    Dithmenos [***...]
Gold:   507        SH:  0    Dex: 17    Spells: 8/8 levels left

rFire    . . .     SeeInvis .   E - +4 dagger
rCold    + . .     Gourm    .   (no shield)
rNeg     . . .     Faith    .   (helmet restricted)
rPois    .         Spirit   .   (no amulet)
rElec    .         Reflect  .   w - ring of protection from cold
rCorr    .         Harm     .   B - ring of protection from magic
MR       +....                  (no ring)
Stlth    +++++++++.             (no ring)
HPRegen  0.18/turn              (no ring)
MPRegen  0.12/turn              (no ring)
                                (no ring)
                                (no ring)

@: wreathed by umbra, drained
A: almost no armour, stealthy swim, amphibious, 8 rings, constrict 8, camouflage
1, gelatinous body 1
a: Shadow Step, Renounce Religion


You were on level 7 of the Dungeon.
You worshipped Dithmenos.
Dithmenos was most pleased with you.
You were not hungry.

You visited 1 branch of the dungeon, and saw 8 of its levels.

You collected 507 gold pieces.

Inventory:

Hand Weapons
 a - a +4 flail
 g - a +4 trident
 i - a cursed +0 hunting sling
 l - a +2 trident of freezing
 m - a +1 dagger of electrocution
 r - a +0 blowgun
 E - a +4 dagger (weapon)
Missiles
 o - 16 poisoned needles
 x - 95 stones (quivered)
Jewellery
 w - a ring of protection from cold (left tentacle)
 B - a ring of protection from magic (right tentacle)
Wands
 A - a wand of disintegration (16)
Scrolls
 c - a scroll of amnesia
 j - a scroll of enchant weapon
 t - a scroll of fear
 y - a scroll of remove curse
 z - a scroll of enchant armour {unknown}
Potions
 d - 2 potions of curing
 f - a potion of brilliance
 h - a potion of might {unknown}
 k - 3 potions of haste {unknown}
 n - 2 potions of magic
 p - 2 potions of cancellation
 q - 2 potions of ambrosia
 u - a potion of invisibility {unknown}
Books
 e - a book of Flames

   Spells                             Type                      Level
   a - Flame Tongue                   Conjuration/Fire             1
   b - Throw Flame                    Conjuration/Fire             2
   c - Conjure Flame                  Conjuration/Fire             3
   d - Inner Flame                    Hexes/Fire                   3
   e - Sticky Flame                   Conjuration/Fire             4
   f - Fireball                       Conjuration/Fire             5
   Dithmenos disapproves of the use of such an item.
 v - a book of Battle

   Spells                             Type                      Level
   a - Infusion                       Charms                       1
   b - Shroud of Golubria             Charms/Translocation         2
   c - Song of Slaying                Charms                       2
   d - Spectral Weapon                Hexes/Charms                 3
   e - Regeneration                   Charms/Necromancy            3
Comestibles
 b - 13 rations


   Skills:
 - Level 3.0(2.8) Fighting
 - Level 8.0(7.7) Short Blades
 * Level 9.4(9.2) Dodging
 - Level 9.0(8.8) Stealth
 + Level 1.6(1.4) Invocations


You had 8 spell levels left.
You didn't know any spells.

Dungeon Overview and Level Annotations

Branches:
Dungeon (8/15)             Temple (0/1) D:7            Lair (0/6) D:8

Altars:
Ashenzari
Dithmenos
Fedhas
Hepliaklqana
Uskayaw
The Shining One

Annotations:
D:4 iamserjio's ghost, novice OpMo
D:6 erker's ghost, novice OpTm
D:7 1 transporter
D:8 Pikel


Innate Abilities, Weirdness & Mutations

You cannot wear most types of armour.
You are very stealthy in the water. (Stealth+)
You are amphibious.
You can wear up to eight rings at the same time.
You can use your tentacles to constrict eight enemies at once.
Your skin changes colour to match your surroundings (Stealth+).
Your rubbery body absorbs attacks. (AC +1, EV +1)


Message History

The bolt of electricity misses you.
The electric eel shoots out a bolt of lightning at you!
The bolt of electricity hits the plant. x2; The bolt of electricity hits you!
* * * LOW HITPOINT WARNING * * *
The electric eel shoots out a bolt of lightning at you!
The bolt of electricity hits the plant. x3; The bolt of electricity hits you!
* * * LOW HITPOINT WARNING * * *
You feel better.
The electric eel shoots out a bolt of lightning at you!
The bolt of electricity hits the plant.
The plant is destroyed!
The bolt of electricity hits the plant.
The bolt of electricity hits you!
* * * LOW HITPOINT WARNING * * *
The electric eel shoots out a bolt of lightning at you!
The bolt of electricity hits the plant.
The bolt of electricity misses you.
The electric eel shoots out a bolt of lightning at you!
The bolt of electricity hits the plant. x2
The plant is destroyed!
The bolt of electricity hits you!
You die...

#.# ♣♣≈≈≈≈.≈≈≈≈ #>## ♣≈≈≈PP.≈≈≈♣
.# #..# ♣♣≈≈P≈≈.≈≈≈ .# ##.#
≈≈≈≈≈≈≈.;P♣ .##. #.##### #♣
≈≈≈≈≈≈≈.≈≈♣ ... #.....#
.♣P≈≈P≈≈≈≈.;≈♣♣ ♣#.#####.###..#
..♣≈≈≈≈≈≈;.≈P≈♣♣♣≈.##≈≈≈≈♣# #
...PP≈≈≈≈;.≈≈≈≈≈@P♣♣≈≈PP≈P♣## ##
##..≈≈≈≈P;.≈≈≈≈≈≈≈P≈≈≈≈≈≈P≈≈#..#
#..♣≈≈≈≈.≈≈PP≈≈≈≈≈≈≈≈P≈≈P≈≈..#
#..♣P≈...........[..........#
##$.♣≈..♣≈≈≈≈≈≈≈≈P≈PP≈≈≈≈≈..#
##.....#P♣P≈≈P♣♣♣♣≈≈≈≈≈≈≈###
########≈♣♣♣≈♣ ♣≈PP≈≈P## ##P ≈##
#♣♣≈♣♣## ## ###


You could see 4 electric eels.

Vanquished Creatures
  A spriggan (D:8)
  Eustachio (D:4)
  2 phantoms
  A sky beast (D:5)
  A slave (D:8)
  4 centaurs
  3 ice beasts
  2 ogres
  3 scorpions
  9 wights
  3 howler monkeys
  3 crimson imps
  2 bullfrog zombies
  An orc priest (D:3)
  2 hounds
  Crazy Yiuf (D:4)
  Terence (D:2)
  An iguana (D:5)
  7 orc wizards
  5 worker ants
  A hound zombie (D:5)
  A hound skeleton (D:7)
  3 gnolls (D:4)
  8 adders
  3 shadow imps
  An ooze (D:1)
  An adder zombie (D:7)
  3 worms
  2 dart slugs
  7 leopard geckos
  14 orcs
  A ball python (D:2)
  4 giant cockroaches
  5 goblins
  3 hobgoblins (D:1)
  14 jackals
  A quokka (D:2)
  10 bats
  4 frilled lizards
  9 kobolds
  A leopard gecko skeleton (D:4)
  A leopard gecko zombie (D:6)
  4 rats
154 creatures vanquished.

Vanquished Creatures (others)
  2 plants (D:7)
2 creatures vanquished.

Grand Total: 156 creatures vanquished

Notes
Turn   | Place    | Note
-------+----------+-------------------------------------------
     0 | D:1      | iamserjio the Octopode Monk began the quest for the Orb.
     0 | D:1      | Reached XP level 1. HP: 16/16 MP: 1/1
    47 | D:1      | Reached XP level 2. HP: 13/21 MP: 2/2
   611 | D:1      | Reached XP level 3. HP: 26/26 MP: 3/3
   898 | D:2      | Noticed Terence
   934 | D:2      | Killed Terence
   934 | D:2      | Reached XP level 4. HP: 28/31 MP: 4/4
  1531 | D:2      | Found a shattered altar of Ashenzari.
  1991 | D:3      | Reached XP level 5. HP: 36/36 MP: 5/5
  2145 | D:3      | Reached skill level 5 in Stealth
  2610 | D:3      | Reached XP level 6. HP: 42/42 MP: 6/6
  3095 | D:4      | Found a blossoming altar of Fedhas.
  3096 | D:4      | Found a shadowy altar of Dithmenos.
  3102 | D:4      | Became a worshipper of Dithmenos the Shadowed
  3102 | D:4      | Reached * piety under Dithmenos
  3102 | D:4      | Reached ** piety under Dithmenos
  3308 | D:4      | Found a runed door.
  3312 | D:4      | Noticed Crazy Yiuf
  3316 | D:4      | Killed Crazy Yiuf
  3377 | D:4      | Noticed Eustachio
  3381 | D:4      | Killed Eustachio
  3381 | D:4      | Reached skill level 5 in Short Blades
  3381 | D:4      | Reached skill level 5 in Dodging
  3381 | D:4      | Reached XP level 7. HP: 46/46 MP: 7/7
  3631 | D:4      | Noticed iamserjio's ghost (novice OpMo)
  4040 | D:5      | Entered Level 5 of the Dungeon
  4115 | D:5      | Reached XP level 8. HP: 40/52 MP: 8/8
  4652 | D:5      | You fall through a shaft for 3 floors!
  4768 | D:8      | Found a hide-covered altar of Uskayaw.
  4771 | D:8      | Noticed a dagger
  4773 | D:8      | Noticed a dagger
  5087 | D:8      | Noticed a spriggan baker
  5090 | D:8      | Killed a spriggan baker
  5090 | D:8      | Reached *** piety under Dithmenos
  5131 | D:8      | Found a staircase to the Lair.
  5145 | D:8      | Reached XP level 9. HP: 23/56 MP: 9/9
  5307 | D:8      | Noticed Pikel
  5481 | D:7      | Found a transporter.
  5572 | D:7      | Found a glowing golden altar of the Shining One.
  6238 | D:6      | Found a glowing golden altar of the Shining One.
  6462 | D:6      | Noticed erker's ghost (novice OpTm)
  6825 | D:5      | Found a hazy altar of Hepliaklqana.
  6907 | D:7      | Found a staircase to the Ecumenical Temple.
  6918 | D:7      | Found a shattered altar of Ashenzari.
  6957 | D:7      | Reached skill level 1 in Invocations
  7193 | D:7      | HP: 1/56 [electric eel/bolt of electricity (12)]
  7193 | D:7      | Killed from afar by an electric eel

Skill      XL: |  1  2  3  4  5  6  7  8  9 |
---------------+----------------------------+-----
Stealth        | 3 4 5 6 7 9 |  9.0
Short Blades   | 4 5 6 7 8 |  8.0
Dodging        | 4 5 6 7 9 |  9.4
Invocations    | 1 |  1.6
Fighting       | |  3.0

Action                   |  1- 3 |  4- 6 |  7- 9 || total
-------------------------+-------+-------+-------++-------
Melee: Short sword       |    69 |    16 |       ||    85
       Constrict         |    16 |    26 |    35 ||    77
       Tentacles         |    15 |    18 |    44 ||    77
       Dagger            |       |   110 |   220 ||   330
  Use: Scroll            |       |       |    15 ||    15
       Potion            |       |       |     4 ||     4
 Stab: Sleeping          |     5 |    17 |    29 ||    51
       Distracted        |       |     1 |       ||     1
  Eat: Chunk             |       |     7 |     7 ||    14
       Ration            |       |       |     2 ||     2
Armor: Skin              |    13 |     5 |     2 ||    20
Dodge: Dodged            |    53 |    68 |   120 ||   241
